 Dungeon Crawl Stone Soup version 0.28.0-45-g0d030f2227 (webtiles) character file.

Game seed: 6694220071347473957

1239 Peloso the Slasher (level 8, -1/68 HPs)
             Began as a Minotaur Fighter on Apr 9, 2022.
             Was an Initiate of Okawaru.
             Succumbed to a killer bee's poison
             ... on level 5 of the Dungeon.
             The game lasted 00:09:14 (6817 turns).

Peloso the Slasher (Minotaur Fighter)               Turns: 6817, Time: 00:09:15

Health: -1/68      AC: 10    Str: 20    XL:     8   Next: 25%
Magic:  7/7        EV:  8    Int:  5    God:    Okawaru [......]
Gold:   333        SH:  5    Dex: 13    Spells: 7/7 levels left

rFire   + . .      SeeInvis .   a - +0 long sword
rCold   + . .      Faith    .   c - +0 buckler
rNeg    . . .      Spirit   .   r - +0 chain mail
rPois   +          Reflect  .   (helmet restricted)
rElec   +          Harm     .   (no cloak)
rCorr   +          Rampage  .   (no gloves)
Will    .....                   (no boots)
Stlth   ..........              (no amulet)
HPRegen 0.21/turn               (no ring)
MPRegen 0.10/turn               (no ring)

@: lethally poisoned (-1 -> -18), resistant
A: horns 2, retaliatory headbutt
a: Renounce Religion


You were on level 5 of the Dungeon.
You worshipped Okawaru.
Okawaru was noncommittal.
You visited 2 branches of the dungeon, and saw 7 of its levels.

You collected 333 gold pieces.

Inventory:

Hand Weapons
 a - a +0 long sword (weapon)
Armour
 b - a +0 scale mail
 c - a +0 buckler (worn)
 r - a +0 chain mail (worn)
Jewellery
 k - a +6 ring of intelligence
 q - an amulet of guardian spirit
Wands
 s - a wand of flame (15)
Scrolls
 e - 3 scrolls of fog
 f - 2 scrolls of magic mapping {unknown}
 j - a scroll of amnesia {unknown}
 l - a scroll of holy word {unknown}
 o - a scroll of teleportation {unknown}
 p - a scroll of vulnerability {unknown}
 u - 2 scrolls of identify
Potions
 d - a potion of might
 m - a potion of flight
 n - a potion of haste


   Skills:
 + Level 5.3 Fighting
 + Level 7.6 Long Blades
 + Level 7.2 Armour
 + Level 3.1 Dodging
 + Level 0.7 Stealth
 + Level 5.5 Shields


You had 7 spell levels left.
You didn't know any spells.
Your spell library was empty.

Dungeon Overview and Level Annotations

Branches:
Dungeon (6/15)             Temple (1/1) D:5

Altars:
Ashenzari
Cheibriados
Dithmenos
Elyvilon
Fedhas
Gozag
Hepliaklqana
Kikubaaqudgha
Nemelex Xobeh
Okawaru
Qazlal
Sif Muna
Uskayaw
Vehumet
Xom
Yredelemnul

Annotations:
D:6 1 runed translucent door


Innate Abilities, Weirdness & Mutations

You have a pair of horns on your head.
You reflexively headbutt those who attack you in melee.


Message History

You feel very sick.
The killer bee stings you but does no damage.
The killer bee closely misses you.
The killer bee stings you but does no damage.
You feel sick. The killer bee barely misses you. x2
There is a stone staircase leading up here.
You feel sick. The killer bee barely misses you.
The killer bee stings you but does no damage.
The killer bee stings you.
* * * LOW HITPOINT WARNING * * *
You are lethally poisoned!
The killer bee poisons you! The killer bee barely misses you. x2
You furiously retaliate!
You headbutt the killer bee.
The killer bee stings you but does no damage.
You block the killer bee's attack.
You climb upwards.
* * * LOW HITPOINT WARNING * * *
You feel very sick.
There is a stone staircase leading down here.
You feel much better.
You feel sick. The killer bee stings you. The killer bee closely misses you.
The killer bee stings you but does no damage.
You block the killer bee's attack. The killer bee stings you!
* * * LOW HITPOINT WARNING * * *
You are lethally poisoned!
The killer bee poisons you! The killer bee stings you.
* * * LOW HITPOINT WARNING * * *
You are more poisoned.
The killer bee poisons you!
It was a potion of cancellation.
You feel magically purged.
* * * LOW HITPOINT WARNING * * *
You feel very sick.
The killer bee stings you but does no damage. x2
The killer bee stings you.
* * * LOW HITPOINT WARNING * * *
The killer bee barely misses you. You block the killer bee's attack.
The killer bee stings you but does no damage.
It was a potion of resistance.
You feel protected.
You die...

#.# #.............## #.#
#.#########....# #.# #.# #....###
############.# #.# #....#..
.............# #.# #.......
#####.......####.############....
#...'.......'....................
#.###.......###...........[......
#.# #.......# #y@y...............
#.# #.......# #.y..######........
#.# ######### #....# ##.........
#.# ##+#.####.......... #.#
#....)............ #.#
###.####......^...
#.############## #.# #...)......
#..............# #.# #..........
##############.# #.# #..........


You could see 3 killer bees.

Vanquished Creatures
  A sky beast (D:6)
  3 necrophages (D:6)
  An ogre (D:3)
  2 scorpions
  3 hounds
  A jelly (D:6)
  A centaur skeleton (D:6)
  5 orc priests
  A bullfrog skeleton (D:5)
  3 iguanas
  An orc wizard (D:4)
  A killer bee zombie (D:6)
  A hound skeleton (D:4)
  A hound zombie (D:5)
  5 adders
  A gnoll (D:2)
  A white imp (D:4)
  An ufetubus (D:5)
  2 adder skeletons (D:4)
  2 worms
  2 dart slugs
  19 orcs
  2 bat zombies (D:3)
  8 endoplasms
  6 giant cockroaches
  8 goblins
  7 hobgoblins
  8 jackals
  6 quokkas
  8 ball pythons
  4 bats
  5 frilled lizards
  11 kobolds
  9 rats
140 creatures vanquished.

Notes
Turn   | Place    | Note
-------+----------+-------------------------------------------
     0 | D:1      | Peloso the Minotaur Fighter began the quest for the Orb.
     0 | D:1      | Reached XP level 1. HP: 19/19 MP: 0/0
   317 | D:1      | Reached XP level 2. HP: 27/27 MP: 1/1
   689 | D:1      | Found a faded altar of an unknown god.
  1015 | D:1      | Reached XP level 3. HP: 29/33 MP: 2/2
  1340 | D:2      | Reached skill level 1 in Dodging
  1340 | D:2      | Reached XP level 4. HP: 37/40 MP: 3/3
  2310 | D:3      | Found an ancient bone altar of Kikubaaqudgha.
  2442 | D:2      | Reached XP level 5. HP: 46/46 MP: 4/4
  2808 | D:3      | Noticed an ogre
  2815 | D:3      | Killed an ogre
  2816 | D:3      | Reached skill level 5 in Armour
  3202 | D:3      | Reached XP level 6. HP: 52/52 MP: 5/5
  3357 | D:4      | Reached skill level 5 in Long Blades
  3409 | D:4      | Found a basalt altar of Yredelemnul.
  3836 | D:4      | Found a snail-covered altar of Cheibriados.
  4531 | D:5      | Entered Level 5 of the Dungeon
  4585 | D:5      | Reached XP level 7. HP: 54/60 MP: 6/6
  4653 | D:5      | Reached skill level 5 in Shields
  4762 | D:5      | Found a staircase to the Ecumenical Temple.
  4783 | Temple   | Entered the Ecumenical Temple
  5518 | D:5      | Found an opulent altar of Gozag.
  6044 | D:6      | Found an iron altar of Okawaru.
  6049 | D:6      | Reached skill level 5 in Fighting
  6057 | D:6      | Became a worshipper of Warmaster Okawaru
  6454 | D:6      | Found a shimmering blue altar of Sif Muna.
  6463 | D:6      | Reached XP level 8. HP: 65/68 MP: 7/7
  6679 | D:6      | Found a runed translucent door.
  6816 | D:5      | HP: 3/68 [killer bee (5)]
  6817 | D:5      | Succumbed to a killer bee's poison

Illustrated notes

Levels and vault maps discovered:
D:1:      dpeg_arrival_rooms_b, layout_loops_ring,
          hellmonk_ecumenical_altar_leap_of_faith, minmay_misc_feat_hallway
D:2:      layout_basic, st_stairs_11, minivault_23
D:3:      layout_basic, lemuel_zombie_altar_kikubaaqudgha, minmay_misc_feat_chi
D:4:      layout_loops_ring, mainiacjoe_overflow_boulevard,
          mainiacjoe_overflow_brackets
D:5:      layout_basic, amcnicky_altar_gilded, minmay_temple_entry_proselytizer
D:6:      layout_layer_cave, okawaru_metal_pillars_1_2,
          mainiacjoe_overflow_surrounded_room, lightli_church_of_beogh
Temple:   dpeg_chambers_temple

Skill      XL: |  1  2  3  4  5  6  7  8 |
---------------+-------------------------+-----
Armour         | 4 5 6 7 |  7.2
Shields        | 4 5 |  5.5
Long Blades    | 3 4 5 7 |  7.6
Dodging        | 1 2 3 |  3.1
Fighting       | 4 5 |  5.3
Stealth        | |  0.7

Action                   |  1- 3 |  4- 6 |  7- 9 || total
-------------------------+-------+-------+-------++-------
Melee: Long sword        |    87 |   159 |    86 ||   332
       Headbutt          |    13 |    23 |    24 ||    60
  Use: Potion            |     1 |       |     5 ||     6
       Scroll            |       |     5 |       ||     5
Armor: Scale mail        |    47 |    62 |    15 ||   124
       Chain mail        |       |       |    53 ||    53
Dodge: Dodged            |    40 |    62 |    49 ||   151
Block: Buckler           |    17 |    57 |    36 ||   110
